 Dungeon Crawl Stone Soup version 0.16.1-17-g773cdaf (webtiles) character file.

1324 jacksonaction the Spear-Bearer (level 8, 0/54 HPs)
             Began as an Octopode Fighter on Apr 22, 2015.
             Succumbed to poison (a potion of poison)
             ... on level 6 of the Dungeon.
             The game lasted 00:21:38 (5113 turns).

jacksonaction the Spear-Bearer (Octopode Fighter)   Turns: 5113, Time: 00:21:38

Health: 0/54       AC:  1    Str: 18    XL:     8   Next: 60%
Magic:  14/14      EV: 15    Int: 10    God:
Gold:   93         SH: 14    Dex: 16    Spells: 0 memorised, 7 levels left

rFire  . . .     SeeInvis .     a - +0 trident
rCold  . . .     Clarity  +     E - +0 large shield
rNeg   . . .     SustAb   .     (helmet restricted)
rPois  .         Gourm    .     A - amulet of clarity
rElec  .         Spirit   .     (no ring)
rCorr  .         Warding  .     (no ring)
rMut   .         Stasis   .     (no ring)
MR     .....                    (no ring)
Stlth  ++........               (no ring)
                                (no ring)
                                (no ring)
                                (no ring)

@: agile, lethally poisoned (0 -> -51), glowing, not resistant to hostile
enchantments, unstealthy
A: almost no armour, amphibious, 8 rings, constrict 8, camouflage 1, gelatinous
body 1
a: no special abilities


You were on level 6 of the Dungeon.
You were not hungry.

You visited 1 branch of the dungeon, and saw 6 of its levels.

You collected 196 gold pieces.
You spent 103 gold pieces at shops.

Inventory:

Hand weapons
 a - a +0 trident (weapon)
 b - a +0 blowgun
Missiles
 i - 38 poisoned needles
Armour
 E - a +0 large shield (worn)
Jewellery
 A - an amulet of clarity (around mantle)
Magical devices
 r - a wand of cold (8)
 u - a wand of cold (6)
 F - a wand of hasting (3)
 H - a wand of disintegration (7)
Scrolls
 c - a scroll of amnesia {unknown}
 k - 3 scrolls of identify
 l - a scroll of blinking {unknown}
 m - a scroll of enchant armour {unknown}
 n - 4 scrolls of remove curse
 y - 3 scrolls of fear {unknown}
 C - 3 scrolls of noise {unknown}
 I - a scroll of fog {unknown}
Potions
 e - a potion of might
 g - 2 potions of brilliance
 h - a potion of curing {unknown}
 j - 3 potions of agility
 o - a potion of ambrosia {unknown}
 p - 2 potions of berserk rage
 q - a potion of heal wounds {unknown}
 v - a potion of restore abilities {unknown}
 w - a potion of flight {unknown}
 z - a potion of poison
 B - a potion of haste {unknown}
 D - 2 potions of mutation
 K - a potion of magic {unknown}
Books
 f - a book of Hinderance

   Spells                             Type                      Level
   a - Confusing Touch                Hexes                        2
   b - Confuse                        Hexes                        3
   c - Petrify                        Transmutation/Earth          4
   d - Metabolic Englaciation         Hexes/Ice                    5
   e - Gell's Gravitas                Hexes/Translocation          5
   f - Summon Mana Viper              Hexes/Summoning              5
Comestibles
 d - 4 bread rations
 s - 4 beef jerkies
 t - 3 meat rations
 x - a fruit
 G - a slice of pizza
 J - a chunk of flesh


   Skills:
 - Level 4.0 Fighting
 + Level 8.1 Polearms
 - Level 4.0 Dodging
 - Level 4.0 Shields
 + Level 5.1 Evocations


You had 7 spell levels left.
You didn't know any spells.

Dungeon Overview and Level Annotations

Branches:
Dungeon (6/15)
 Temple: D:4-7

Altars:
Makhleb

Shops:
D:4 [

Annotations:
D:6 VortexMagus' ghost, experienced SpEn


Innate Abilities, Weirdness & Mutations

You cannot wear most types of armour.
You are amphibious.
You can wear up to eight rings at the same time.
You can use your tentacles to constrict many enemies at once.
Your skin changes colour to match your surroundings (Stealth).
Your rubbery body absorbs attacks (AC +1).


Message History

* * * LOW HITPOINT WARNING * * *
You feel very sick.
VortexMagus' ghost gestures at you while chanting.
You are outlined in light.
You closely miss VortexMagus' ghost.
VortexMagus' ghost is moderately damaged.
* * * LOW HITPOINT WARNING * * *
You feel very sick. VortexMagus' ghost hits you.
* * * LOW HITPOINT WARNING * * *
You are more poisoned.
Drink which item? (? for menu, Esc to quit)
You feel agile all of a sudden.
* * * LOW HITPOINT WARNING * * *
You feel very sick. You block VortexMagus' ghost's attack.
Drink which item? (? for menu, Esc to quit)
It was a potion of poison.
That liquid tasted very nasty...
You are more poisoned.
You die...

...........
.............
#.#............
#.#....... ... .
#........##.# ...
##........%..#....
#.....)........#
#..........W.###
#.........@#....#
###..........#
##..
###............#
......#..........#
..................
#######.......####
#.####### #.# #<#


You could see VortexMagus' ghost.

Vanquished Creatures
  A hippogriff (D:6)
  Edmund (D:5)
  2 sky beasts (D:5)
  2 ogres (D:4)
  Sigmund (D:5)
  2 scorpions
  A crimson imp (D:5)
  2 hounds (D:5)
  An orc priest (D:3)
  A jelly (D:4)
  5 orc wizards
  4 worker ants
  An iguana (D:6)
  5 adders
  2 giant mites
  3 giant geckos
  An ooze (D:4)
  15 orcs
  2 ball pythons (D:3)
  8 bats
  5 giant cockroaches
  6 hobgoblins
  8 kobolds
  A quokka (D:3)
  10 giant newts
  10 goblins
  9 rats
109 creatures vanquished.

Notes
Turn   | Place    | Note
--------------------------------------------------------------
     0 | D:1      | jacksonaction, the Octopode Fighter, began the quest for the Orb.
     0 | D:1      | Reached XP level 1. HP: 16/16 MP: 1/1
   273 | D:1      | Reached XP level 2. HP: 21/21 MP: 2/2
   918 | D:2      | Reached XP level 3. HP: 26/26 MP: 3/3
  1156 | D:2      | Found a burning altar of Makhleb.
  1489 | D:2      | Reached XP level 4. HP: 33/33 MP: 4/4
  1997 | D:3      | Reached skill level 4 in Fighting
  1997 | D:3      | Reached XP level 5. HP: 37/37 MP: 5/5
  2458 | D:4      | Reached XP level 6. HP: 43/43 MP: 6/6
  2656 | D:4      | Noticed an ogre
  2668 | D:4      | Killed an ogre
  2668 | D:4      | Reached skill level 5 in Polearms
  2784 | D:4      | Found Pnaan's Antique Armour Emporium.
  2787 | D:4      | Bought a large shield for 103 gold pieces
  2941 | D:4      | Noticed an ogre
  2960 | D:4      | Killed an ogre
  2960 | D:4      | Reached XP level 7. HP: 12/48 MP: 7/7
  3264 | D:4      | Reached skill level 6 in Polearms
  3326 | D:5      | Entered Level 5 of the Dungeon
  3521 | D:5      | Reached skill level 1 in Evocations
  3750 | D:5      | Reached skill level 7 in Polearms
  4200 | D:5      | Noticed Edmund
  4215 | D:5      | Killed Edmund
  4215 | D:5      | Reached XP level 8. HP: 54/54 MP: 10/12
  4241 | D:5      | Noticed Sigmund
  4660 | D:5      | Killed Sigmund
  4862 | D:6      | Reached skill level 8 in Polearms
  4862 | D:6      | Reached skill level 5 in Evocations
  5093 | D:6      | Noticed VortexMagus' ghost (experienced SpEn)
  5113 | D:6      | Succumbed to poison (a potion of poison)

Action                   |  1- 3 |  4- 6 |  7- 9 || total
-------------------------+-------+-------+-------++-------
Melee: Trident           |    67 |    84 |    88 ||   239
 Fire: Blowgun           |       |    13 |    26 ||    39
Throw: Stone             |       |     3 |       ||     3
  Use: Scroll            |       |       |     5 ||     5
       Potion            |       |       |     2 ||     2
 Stab: Sleeping          |     5 |     6 |     2 ||    13
  Eat: Chunk             |     2 |     4 |     7 ||    13
